 Dungeon Crawl Stone Soup version 0.27-a0-1188-g73eefd5def (webtiles) character file.

Game seed: 5845581725069759301

49889 porpoise the Covert (level 14, -10/90 HPs)
             Began as an Octopode Conjurer on May 19, 2021.
             Was an Elder of Vehumet.
             Mangled by Rupert
             ... wielding a +0 vorpal great sword
              (24 damage)
             ... while paralysed by Rupert
             ... on level 14 of the Dungeon on May 21, 2021.
             The game lasted 02:40:31 (29313 turns).

porpoise the Covert (Octopode Conjurer)            Turns: 29313, Time: 02:40:32

Health: -10/90     AC:  2    Str:  6    XL:     14   Next: 52%
Magic:  10/36      EV:  2    Int: 28    God:    Vehumet [****..]
Gold:   1721       SH:  0    Dex: 10    Spells: 0/31 levels left

rFire    + . .     SeeInvis .   a - staff of conjuration
rCold    + . .     Faith    .   (no shield)
rNeg     + . .     Spirit   .   z - +1 hat
rPois    +         Reflect  .   L - amulet of the acrobat
rElec    +         Harm     .   r - ring "Neptyacy" {rPois rF+}
rCorr    .         Rampage  .   h - ring of willpower
Will     ++...                  t - +4 ring of evasion
Stlth    ++++++....             c - ring of magical power
HPRegen  0.25/turn              W - ring of protection from cold
MPRegen  0.25/turn              X - +4 ring of evasion
                                Z - ring of positive energy
                                f - ring of Umneinutz {Fly rElec Str-2 Int+4 Slay+2}

@: paralysed, flying, hasted
A: almost no armour, amphibious, 8 rings, camouflage 1, gelatinous body 1,
(nimble swimmer 1), tentacles
a: Renounce Religion


You were on level 14 of the Dungeon.
You worshipped Vehumet.
Vehumet was greatly pleased with you.
You visited 3 branches of the dungeon, and saw 20 of its levels.
You also visited: Bailey.

You collected 3122 gold pieces.
You spent 1401 gold pieces at shops.

Inventory:

Hand Weapons
 b - a +1 hunting sling of electrocution
 j - the +10 flail "Newtbane" {protect, Int+4}
   (You took it off a yaktaur captain on level 11 of the Dungeon)

   It grants its wielder temporary protection when it strikes (+7 to AC).
   It affects your intelligence (+4).
 I - a +2 dagger of venom
Missiles
 e - 188 sling bullets
 g - 13 bolts
 m - 6 silver javelins
 B - 5 curare-tipped darts (quivered)
 Q - 19 poisoned darts
 S - 4 boomerangs
Armour
 y - a +0 kite shield
 z - a +1 hat (worn)
Magical Staves
 a - a staff of conjuration (weapon)
Jewellery
 c - a ring of magical power (on tentacle)
 f - the ring of Umneinutz (on tentacle) {Fly rElec Str-2 Int+4 Slay+2}
   (You found it on level 11 of the Dungeon)

   [ring of flight]

   It affects your strength (-2).
   It affects your intelligence (+4).
   It affects your accuracy and damage with ranged weapons and melee attacks
   (+2).
   It insulates you from electricity.
   It grants you flight.
 h - a ring of willpower (right tentacle)
 r - the ring "Neptyacy" (left tentacle) {rPois rF+}
   (You acquired it on level 12 of the Dungeon)

   [ring of poison resistance]

   It protects you from fire.
   It protects you from poison.
 s - a ring of fire
 t - a +4 ring of evasion (on tentacle)
 E - a ring of see invisible
 L - an amulet of the acrobat (around mantle)
 M - a ring of protection from fire
 W - a ring of protection from cold (on tentacle)
 X - a +4 ring of evasion (on tentacle)
 Z - a ring of positive energy (on tentacle)
Wands
 p - a wand of flame (69)
 F - a wand of paralysis (3)
 G - a wand of mindburst (13)
 H - a wand of digging (11)
 K - a wand of charming (9)
 O - a wand of iceblast (8)
 Y - a wand of acid (4)
Scrolls
 i - a scroll of amnesia
 o - 4 scrolls of fear
 v - 2 scrolls of blinking
 w - 2 scrolls of magic mapping
 x - 3 scrolls of teleportation
 C - 3 scrolls of fog
 R - 4 scrolls of identify
 T - 2 scrolls of enchant weapon
 U - 2 scrolls of vulnerability
Potions
 d - 6 potions of curing
 l - a potion of resistance
 n - a potion of lignification
 q - 5 potions of heal wounds
 u - 4 potions of cancellation
 A - a potion of invisibility
 D - a potion of ambrosia
 J - a potion of magic
Miscellaneous
 N - a phantom mirror (inert)
 P - a lightning rod (4/4)


   Skills:
 + Level 6.7 Fighting
 - Level 9.0 Dodging
 - Level 12.0 Stealth
 - Level 9.0 Spellcasting
 - Level 12.0 Conjurations
 - Level 5.0 Hexes
 - Level 7.3 Summonings
 - Level 7.0 Translocations
 - Level 7.0 Air Magic
 * Level 3.5 Earth Magic
 - Level 5.0 Poison Magic
 - Level 5.0 Evocations


You couldn't memorise any spells.
You knew the following spells:

 Your Spells              Type           Power      Damage    Failure   Level
a - Magic Dart            Conj           100%       1d8       1%          1
b - Searing Ray           Conj           100%       3d7       1%          2
c - Iskenderun's Mystic   Conj/Tloc      78%        2d16      1%          4
d - Fulminant Prism       Conj/Hex       37%        3d18      1%          4
e - Iron Shot             Conj/Erth      35%        9d7       8%          6
i - Irradiate             Conj/Tmut      31%        3d23      3%          5
k - Blink                 Tloc           N/A        N/A       1%          2
l - Summon Lightning Spi  Summ/Air       51%        N/A       2%          4
m - Mephitic Cloud        Conj/Pois/Air  72%        N/A       1%          3

Your spell library contained the following spells:

 Spells                   Type           Power      Damage    Failure   Level
 Apportation              Tloc           100%       N/A       1%          1
 Corona                   Hex            44%        N/A       1%          1
 Summon Small Mammal      Summ           100%       N/A       1%          1
 Call Imp                 Summ           52%        N/A       1%          2
 Corpse Rot               Necr/Air       N/A        N/A       1%          2
 Slow                     Hex            40%        N/A       1%          2
 Call Canine Familiar     Summ           52%        N/A       1%          3
 Conjure Flame            Conj/Fire      62%        6-21      1%          3
 Dazzling Flash           Conj/Hex       100%       N/A       1%          3
 Summon Guardian Golem    Hex/Summ       47%        N/A       1%          3
 Iskenderun's Battlesphe  Conj           88%        2d14      1%          5
 Animate Skeleton         Necr           24%        N/A       4%          1
 Bolt of Magma            Conj/Fire/Erth 29%        4d13      4%          5
 Conjure Ball Lightning   Conj/Air       39%        3x3d13    4%          6
 Sublimation of Blood     Necr           6%         N/A       7%          2
 Orb of Destruction       Conj           44%        9d14      7%          7
 Summon Ice Beast         Ice/Summ       33%        N/A       10%         4
 Silence                  Hex/Air        23%        N/A       11%         5
 Spellforged Servitor     Conj/Summ      39%        N/A       19%         7
 Dispel Undead            Necr           12%        3d9       41%         4
 Agony                    Necr           12%        N/A       77%         5
 Excruciating Wounds      Necr           6%         N/A       77%         5
 Tornado                  Air            25%        N/A       100%        9


Dungeon Overview and Level Annotations

Branches:
Dungeon (14/15)            Temple (1/1) D:7            Lair (5/6) D:11
 Shoals (0/4) Lair:4       Spider (0/4) Lair:2          Orc (0/2) D:9
 Vaults (0/5) D:13         Bailey (visited)
  Slime: Lair:5-6

Altars:
Ashenzari
Cheibriados
Dithmenos
Elyvilon
Fedhas
Gozag
Hepliaklqana
Kikubaaqudgha
Makhleb
Nemelex Xobeh
Okawaru
Qazlal
Ru
Sif Muna
Trog
Uskayaw
Vehumet
Wu Jian
Xom
Yredelemnul
Zin
The Shining One

Shops:
D:1 *   D:2 (   D:4 *   D:12 ?

Annotations:
D:13 exclusion: downstairs
D:14 Rupert
Lair:5 death yak pack, exclusion: oklob plant


Innate Abilities, Weirdness & Mutations

You cannot wear most types of armour.
You are amphibious.
You can wear up to eight rings at the same time.
Your skin changes colour to match your surroundings (Stealth+).
Your rubbery body absorbs attacks. (AC +1, EV +1)
((You are camouflaged near water. (Stealth+)))
You have tentacles for arms and can constrict up to eight enemies at once.


Message History

Casting: Iron Shot (dangerous; 8% risk of failure)
Confirm with . or Enter, or press ? or * to list all spells.
An electric hum fills the air.
Casting: Summon Lightning Spire (dangerous; 2% risk of failure)
Confirm with . or Enter, or press ? or * to list all spells.
Aiming: Iron Shot (dangerous; 8% risk of failure)
Press: ? - help, Shift-Dir - straight line, f/p - Rupert
Aim: Rupert, wielding a +0 vorpal great sword and wearing a +0 scale mail (lightly wounded, ally target, 77% to hit)
You feel a surge of power!
The iron shot hits Rupert!!!
Rupert is heavily wounded.
Unknown command.
Casting: Iron Shot (dangerous; 8% risk of failure)
Confirm with . or Enter, or press ? or * to list all spells.
Aiming: Iron Shot (dangerous; 8% risk of failure)
Press: ? - help, Shift-Dir - straight line, f/p - Rupert
Aim: Rupert, wielding a +0 vorpal great sword and wearing a +0 scale mail (heavily wounded, ally target, 77% to hit)
You feel a surge of power!
The iron shot misses Rupert.
Casting: Iron Shot (dangerous; 8% risk of failure)
Confirm with . or Enter, or press ? or * to list all spells.
Aiming: Iron Shot (dangerous; 8% risk of failure)
Press: ? - help, Shift-Dir - straight line, f/p - Rupert
Aim: Rupert, wielding a +0 vorpal great sword and wearing a +0 scale mail (heavily wounded, ally target, 77% to hit)
You feel a surge of power!
The iron shot hits Rupert!!
Rupert is almost dead.
Rupert yells loudly at you.
You suddenly lose the ability to move!
Your lightning spire shoots out a bolt of lightning at Rupert!
The bolt of electricity hits Rupert!
Rupert roars madly and goes into a rage!
Rupert goes berserk!
Your lightning spire shoots out a bolt of lightning at Rupert!
The bolt of electricity hits Rupert!
Rupert hits your lightning spire with a +0 vorpal great sword!!
Your lightning spire is destroyed!
Rupert hits you with a +0 vorpal great sword!!
Rupert barely misses you.
Rupert hits you with a +0 vorpal great sword!!!
* * * LOW HITPOINT WARNING * * *
x2 Rupert hits you with a +0 vorpal great sword!!
You die...

#..........##
#..........#
#######'#### #))).# ##
###########)## ..
###............. ..
#########.'........)....
..
.......#..#.....>.......
..
.......@.##.............
..
......@####.<...........
.. .......
#............. ..
....... #.............
.. .......
#......)...... ..
....... #....())[.....
.. .......
#####'######## ..
##'#### #.)# ## #.##


You could see Rupert (berserk).

Vanquished Creatures
  A stone giant (D:11)
  A fire dragon (D:11)
  A yaktaur captain (D:11)
  3 boulder beetles
  5 vault guards (D:13)
  2 hydras
  5 two-headed ogres
  2 catoblepae
  4 centaur warriors
  A death yak (Lair:5)
  2 harpies (D:13)
  An orc knight (Bailey)
  Pikel (D:7)
  A wizard (D:14)
  A harpy (shapeshifter) (D:14)
  3 manticores
  A wolf spider (Lair:2)
  A cyclops (D:11)
  2 ugly things
  2 centaur zombies (D:11)
  3 black mambas
  A kobold demonologist (D:10)
  3 komodo dragons
  8 cane toads
  Maggie (D:6)
  A tengu conjurer (D:14)
  3 meliai (D:14)
  3 trolls
  A wolf spider simulacrum (D:12)
  18 blink frogs
  5 slime creatures (D:13)
  A snapping turtle (Lair:4)
  A centaur simulacrum (D:11)
  2 wyverns (Lair:4)
  17 yaks
  12 humans
  2 basilisks
  2 vampire mosquitoes (D:10)
  Edmund (D:5)
  4 wargs
  A swamp worm (D:8)
  10 water moccasins
  4 orc warriors
  An ice beast (D:6)
  3 ogres
  15 centaurs
  14 wolves
  2 phantoms
  A lemure (D:7)
  Blork the orc (D:4)
  11 bullfrogs
  2 kobold brigands
  A wyvern zombie (D:7)
  A scorpion (D:5)
  14 killer bees
  A nameless horror (Lair:3)
  4 wights (D:7)
  4 electric eels
  A jelly (D:6)
  A centaur skeleton (D:6)
  5 hounds
  An iguana (D:6)
  5 orc priests
  Ijyb (D:2)
  7 orc wizards
  7 hell rats (Lair:3)
  3 hound skeletons
  A howler monkey zombie (D:6)
  9 adders
  15 gnolls
  5 river rats (Lair:3)
  A white imp (D:6)
  2 ufetubi (D:5)
  3 worms
  12 dart slugs
  33 orcs
  13 ball pythons
  5 bats
  8 endoplasms
  A giant cockroach (D:3)
  17 goblins
  13 hobgoblins
  6 jackals
  34 kobolds
  6 quokkas
  4 frilled lizards
  7 rats
  A butterfly (Lair:5)
446 creatures vanquished.

Vanquished Creatures (collateral kills)
  2 hydras (D:12)
  A boulder beetle (D:11)
  A tengu warrior (D:13)
  A deep troll (D:11)
  A harpy (D:13)
  An ugly thing (D:13)
  3 black mambas
  A rime drake (Lair:4)
  A cane toad (Lair:1)
  5 komodo dragons
  3 blink frogs
  3 yaks
  2 basilisks
  6 water moccasins
  5 wolves
  A bullfrog (Lair:3)
  A hell rat (Lair:3)
38 creatures vanquished.

Vanquished Creatures (others)
  A vault guard (D:13)
  A centaur (D:8)
  12 fulminant prisms
  18 fungi
  33 plants
65 creatures vanquished.

Grand Total: 549 creatures vanquished

Notes
Turn   | Place    | Note
-------+----------+-------------------------------------------
     0 | D:1      | porpoise the Octopode Conjurer began the quest for the Orb.
     0 | D:1      | Reached XP level 1. HP: 11/11 MP: 3/3
   231 | D:1      | Found a faded altar of an unknown god.
   236 | D:1      | Reached XP level 2. HP: 9/17 MP: 0/5
   678 | D:1      | Found Coock's Assorted Antiques.
   747 | D:1      | Reached XP level 3. HP: 21/21 MP: 1/6
  1197 | D:1      | Learned a level 2 spell: Searing Ray
  1528 | D:2      | Found Rodavel's Weapon Emporium.
  1617 | D:2      | Noticed Ijyb
  2033 | D:2      | Reached XP level 4. HP: 15/27 MP: 3/8
  2845 | D:3      | Reached skill level 5 in Conjurations
  2845 | D:3      | Reached XP level 5. HP: 26/31 MP: 3/9
  4044 | D:3      | Noticed a water moccasin
  4053 | D:3      | Killed a water moccasin
  4054 | D:3      | Reached XP level 6. HP: 31/36 MP: 1/12
  4137 | D:3      | Learned a level 4 spell: Iskenderun's Mystic Blast
  4142 | D:3      | Learned a level 4 spell: Fulminant Prism
  4566 | D:4      | Noticed Blork the orc
  4572 | D:4      | Killed Blork the orc
  4687 | D:4      | Reached skill level 5 in Stealth
  4687 | D:4      | Reached XP level 7. HP: 41/41 MP: 7/13
  4837 | D:4      | Found Xoojit's Assorted Antiques.
  4844 | D:4      | Found a burning altar of Makhleb.
  4963 | D:4      | Bought a cabochon ring for 105 gold pieces
  4963 | D:4      | Bought a lumpy coppery potion for 18 gold pieces
  4963 | D:4      | Bought a scroll labelled HOS LODI CUITY for 21 gold pieces
  4963 | D:4      | Bought a scroll labelled DEOSMA JATU for 21 gold pieces
  5616 | D:5      | Entered Level 5 of the Dungeon
  6578 | D:5      | Reached skill level 5 in Spellcasting
  6718 | D:5      | Reached skill level 1 in Fighting
  6839 | D:5      | Noticed Edmund
  6867 | D:5      | Killed Edmund
  6868 | D:5      | Reached XP level 8. HP: 46/50 MP: 7/15
  7152 | D:6      | Noticed Maggie
  7160 | D:6      | Killed Maggie
  7593 | D:6      | Learned a level 2 spell: Blink
  8072 | D:6      | Learned a level 3 spell: Mephitic Cloud
  8164 | D:6      | Found a basalt altar of Yredelemnul.
  8324 | D:6      | Found a hazy altar of Hepliaklqana.
  8395 | D:6      | Reached XP level 9. HP: 59/59 MP: 16/16
  8841 | D:7      | Found a glowing silver altar of Zin.
  9183 | D:7      | Reached skill level 5 in Fighting
  9311 | D:7      | Found a staircase to the Ecumenical Temple.
  9320 | Temple   | Entered the Ecumenical Temple
  9376 | Temple   | Became a worshipper of Vehumet
  9563 | D:7      | Noticed Pikel
  9577 | D:7      | Killed Pikel
  9578 | D:7      | Reached skill level 5 in Translocations
  9583 | D:7      | Reached skill level 1 in Hexes
  9953 | D:7      | Reached skill level 5 in Dodging
  9986 | D:7      | Reached skill level 1 in Air Magic
 10188 | D:7      | Reached XP level 10. HP: 60/66 MP: 17/17
 10907 | D:2      | Killed Ijyb
 11302 | D:8      | You fall into a shaft and drop 2 floors!
 11302 | D:10     | Entered Level 10 of the Dungeon
 11321 | D:9      | Noticed a two-headed ogre
 11522 | D:8      | Reached skill level 1 in Poison Magic
 12149 | D:1      | Bought a scroll of identify for 58 gold pieces
 12149 | D:1      | Bought a bubbling silvery potion for 26 gold pieces
 12149 | D:1      | Bought a twisted bone wand for 116 gold pieces
 12149 | D:1      | Bought a scroll of identify for 58 gold pieces
 12149 | D:1      | Bought a dented ruby amulet for 145 gold pieces
 12461 | D:8      | Found a snail-covered altar of Cheibriados.
 12461 | D:8      | Found a glowing golden altar of the Shining One.
 12551 | D:8      | Found a shadowy altar of Dithmenos.
 12553 | D:8      | Found a faded altar of an unknown god.
 12555 | D:8      | Found a faded altar of an unknown god.
 12811 | D:9      | Noticed a two-headed ogre
 12819 | D:9      | Killed a two-headed ogre
 12925 | D:9      | Noticed a two-headed ogre
 12930 | D:9      | Killed a two-headed ogre
 12931 | D:9      | Reached skill level 5 in Hexes
 12931 | D:9      | Reached skill level 5 in Poison Magic
 13539 | D:9      | Reached * piety under Vehumet
 13539 | D:9      | Offered knowledge of Shock by Vehumet.
 13690 | D:9      | Found a staircase to the Orcish Mines.
 13812 | D:9      | Reached XP level 11. HP: 71/71 MP: 18/18
 13877 | D:8      | Killed a two-headed ogre
 13878 | D:8      | Reached skill level 5 in Evocations
 14394 | D:10     | Noticed a two-headed ogre
 14406 | D:10     | Killed a two-headed ogre
 15146 | D:11     | Found a flagged portal.
 15433 | D:11     | Learned a level 4 spell: Summon Lightning Spire
 15438 | Bailey   | Entered a bailey
 15443 | Bailey   | Reached ** piety under Vehumet
 15443 | Bailey   | Offered knowledge of Foxfire by Vehumet.
 15613 | Bailey   | Noticed an orc knight
 15620 | Bailey   | Reached skill level 1 in Summonings
 15623 | Bailey   | Killed an orc knight
 15714 | D:11     | Found a staircase to the Lair.
 15724 | D:11     | Offered knowledge of Frozen Ramparts by Vehumet.
 16096 | D:11     | Noticed a red ugly thing
 16100 | D:11     | Noticed a boulder beetle
 16103 | D:11     | Killed a red ugly thing
 16394 | D:11     | Noticed a boulder beetle
 16404 | D:11     | Killed a boulder beetle
 16681 | D:11     | Found an iron altar of Okawaru.
 16702 | D:11     | Reached XP level 12. HP: 59/77 MP: 22/22
 16971 | Lair:1   | Entered Level 1 of the Lair of Beasts
 17032 | D:11     | Noticed a centaur warrior
 17032 | D:11     | Noticed a six-headed hydra
 17040 | D:11     | Killed a centaur warrior
 17044 | D:11     | Reached skill level 5 in Air Magic
 17092 | D:11     | Killed a boulder beetle
 17093 | D:11     | Reached skill level 5 in Summonings
 17129 | D:11     | Noticed a stone giant
 17217 | D:11     | Killed a stone giant
 17218 | D:11     | Reached skill level 10 in Stealth
 17291 | D:11     | Killed a six-headed hydra
 17447 | D:11     | Identified the +10 flail "Newtbane" {protect, Int+4}
 17447 | D:11     | Noticed a yaktaur captain
 17569 | D:11     | Killed a yaktaur captain
 17869 | D:11     | Noticed a fire dragon
 18136 | Lair:1   | Upgraded the game from 0.27-a0-1184-ge86db4a01e to
                  | 0.27-a0-1186-g8b4daa1eef
 18136 | Lair:1   | Upgraded the game from 0.27-a0-1186-g8b4daa1eef to
                  | 0.27-a0-1188-g73eefd5def
 18427 | Lair:1   | Identified a scroll of acquirement
 18427 | Lair:1   | Acquired 780 gold pieces
 18471 | Lair:1   | Identified the ring of Springtime {Fly Str+3}
 18646 | Lair:1   | Noticed a boulder beetle
 18655 | Lair:1   | Killed a boulder beetle
 18766 | Lair:1   | Reached skill level 10 in Conjurations
 19081 | Lair:1   | Reached *** piety under Vehumet
 20061 | Lair:2   | Noticed a catoblepas
 20156 | Lair:2   | Killed a catoblepas
 20480 | Lair:2   | Found a hole to the Spider Nest.
 20485 | Lair:2   | Reached XP level 13. HP: 81/81 MP: 23/23
 21313 | Lair:3   | Offered knowledge of Sticky Flame by Vehumet.
 21784 | Lair:3   | Reached **** piety under Vehumet
 22403 | Lair:4   | Offered knowledge of Inner Flame by Vehumet.
 22489 | Lair:4   | Found a staircase to the Shoals.
 24085 | Lair:5   | Reached ***** piety under Vehumet
 24085 | Lair:5   | Offered knowledge of Irradiate by Vehumet.
 24092 | Lair:5   | Learned a level 5 spell: Irradiate
 24345 | Lair:5   | Found a hide-covered altar of Uskayaw.
 24600 | D:11     | Killed a fire dragon
 24778 | D:11     | Identified the ring of Umneinutz {Fly rElec Str-2 Int+4
                  | Slay+2}
 25051 | D:12     | Found Ottifi Josun's Magic Scroll Shop.
 25060 | D:12     | Bought a scroll of acquirement for 728 gold pieces
 25060 | D:12     | Bought a scroll of blinking for 105 gold pieces
 25060 | D:12     | Acquired the ring "Neptyacy" {rPois rF+}
 25768 | D:12     | Reached XP level 14. HP: 88/88 MP: 25/25
 27941 | D:13     | Learned a level 6 spell: Iron Shot
 28045 | D:13     | Found a gate to the Vaults.
 28733 | D:14     | Reached skill level 1 in Earth Magic
 29301 | D:14     | Noticed Rupert
 29307 | D:14     | Paralysed by Rupert for 7 turns
 29313 | D:14     | Mangled by Rupert

Illustrated notes

Levels and vault maps discovered:
D:1:      evilmike_arrival_crescent, layout_basic,
          chequers_ecumenical_altar_simple, serial_shops, shop
D:2:      kennysheep_the_goblin_king, layout_basic, serial_shops, shop
D:3:      minmay_razor_zed, layout_basic
D:4:      layout_loops_cross, bloody_makhleb, serial_shops, shop_statue,
          minivault_5, chequers_big_river, minmay_misc_feat_columns,
          uniq_blork_the_orc
D:5:      layout_basic, uniq_edmund
D:6:      kennysheep_slugbush, layout_basic, nicolae_overflow_crystal_walls,
          nzn_hepliaklqana_mist_gate, nrook_mini_vaults,
          kennysheep_generic_room_5, uniq_maggie
D:7:      layout_cave_pools, amcnicky_altar_gilded,
          minmay_temple_entry_antechambers, minmay_ruffians, uniq_pikel
D:8:      layout_loops_ring, chequers_temple_overflow_minitemple, worms_lemuel
D:9:      layout_long_grid, david_orc_3, columned_hall_lemuel
D:10:     layout_grid_maze
D:11:     minmay_sliced_demisemicircle, layout_cave_pods,
          erik_lair_orcish_takeover, enter_bailey_2, okawaru_humans
D:12:     layout_irregular_city, serial_shops, shop_scrolls, minmay_orc_keep
D:13:     layout_long_grid, ximxim_vaults_locker_room
D:14:     layout_roguey, uniq_rupert
Temple:   regret_index_temple_waves
Lair:1:   layout_regular_city, gauntlet_entry_generic, nzn_sisyphean_effort
Lair:2:   layout_regular_city, spider_nest_entry_rubble
Lair:3:   layout_hall_layers, kennysheep_rathole, infiniplex_staircase_pool
Lair:4:   layout_cave_pods, minmay_shoals_entry_hut, cheibrodos_lair_reptile_den
Lair:5:   layout_big_grid, lemuel_oklob_altar, lemuel_fruit_fields

Skill      XL: |  1  2  3  4  5  6  7  8  9 10 11 12 13 14 |
---------------+-------------------------------------------+-----
Stealth        | 3 4 5 6 7 9 11 12 | 12.0
Spellcasting   | 3 4 5 7 9 |  9.0
Conjurations   | 5 6 7 8 9 10 12 | 12.0
Fighting       | 2 4 5 6 |  6.7
Translocations | 3 5 7 |  7.0
Dodging        | 5 8 9 |  9.0
Hexes          | 3 5 |  5.0
Air Magic      | 2 3 4 7 |  7.0
Poison Magic   | 5 |  5.0
Evocations     | 4 5 |  5.0
Summonings     | 4 5 7 |  7.3
Earth Magic    | 3 |  3.5

Action                   |  1- 3 |  4- 6 |  7- 9 | 10-12 | 13-15 || total
-------------------------+-------+-------+-------+-------+-------++-------
Melee: Dagger            |    13 |    19 |     1 |       |     1 ||    34
       Constrict         |     4 |     4 |     2 |     1 |     3 ||    14
       Tentacles         |     1 |     2 |       |       |     3 ||     6
       Whip              |       |       |     1 |     2 |       ||     3
       Staff             |       |       |       |     3 |     7 ||    10
       Flail             |       |       |       |       |     1 ||     1
 Fire: Hunting sling     |       |    24 |   110 |    87 |   139 ||   360
Throw: Dart              |       |       |     3 |    17 |     4 ||    24
       Boomerang         |       |       |       |       |     2 ||     2
 Cast: Magic Dart        |    44 |    34 |    26 |    21 |       ||   125
       Searing Ray       |     6 |    19 |    65 |   109 |   103 ||   302
       Iskenderun's Myst |       |       |     1 |    22 |    10 ||    33
       Mephitic Cloud    |       |       |     1 |     3 |    15 ||    19
       Fulminant Prism   |       |       |       |     6 |     6 ||    12
       Summon Lightning  |       |       |       |    23 |    32 ||    55
       Blink             |       |       |       |     4 |     3 ||     7
       Iron Shot         |       |       |       |       |    18 ||    18
       Irradiate         |       |       |       |       |     2 ||     2
Evoke: Wand              |       |       |     3 |     6 |     5 ||    14
       Lightning rod     |       |       |       |       |     3 ||     3
       Phantom mirror    |       |       |       |       |     1 ||     1
  Use: Scroll            |     4 |     1 |    11 |    18 |     3 ||    37
       Potion            |       |       |     1 |     2 |     3 ||     6
 Stab: Sleeping          |     1 |     4 |     1 |       |     1 ||     7
Armor: Skin              |     1 |     2 |     1 |     6 |     2 ||    12
Dodge: Dodged            |     7 |    20 |    39 |   152 |   152 ||   370

Table legend: (Time is in decaauts)
 A = Elapsed time spent in this place.
 B = Non-inter-level travel time spent in this place.
 C = Inter-level travel time spent in this place.
 D = Time resting spent in this place.
 E = Time spent auto-exploring this place.
 F = Levels seen in this place.
 G = Mean time per level.
                   A        B        C        D        E       F      G
               +--------+--------+--------+--------+--------+-----+--------+
         Total |  29382 |  27445 |   1937 |  11844 |  11350 |  21 | 1399.1 |
       Dungeon |  22440 |  20957 |   1483 |   9690 |   8303 |  14 | 1602.9 |
        Temple |    161 |     86 |     75 |      0 |     80 |   1 |  161.0 |
          Lair |   6522 |   6143 |    379 |   2087 |   2947 |   5 | 1304.4 |
        Bailey |    257 |    257 |      0 |     66 |     20 |   1 |  257.0 |
               +--------+--------+--------+--------+--------+-----+--------+

Top non-repeatable levels by time:
    D:11: 2538 daAuts
    D:13: 2203 daAuts
     D:3: 2034 daAuts
     D:2: 1791 daAuts
  Lair:4: 1736 daAuts
     D:6: 1736 daAuts
  Lair:1: 1733 daAuts
     D:5: 1570 daAuts
     D:7: 1544 daAuts
  Lair:2: 1527 daAuts
    D:10: 1520 daAuts
     D:9: 1489 daAuts
     D:1: 1414 daAuts
    D:12: 1399 daAuts
     D:8: 1284 daAuts
